 Dungeon Crawl Stone Soup version 0.30-a0-4-ga7cffc901d (webtiles) character file.

Game seed: 16553446622117762508

123 Sweeb the Twirler (level 4, -3/34 HPs)
             Began as a Mummy Gladiator on Aug 20, 2022.
             Slain by Sigmund
             ... wielding a +0 scythe
              (8 damage)
             ... on level 2 of the Dungeon.
             The game lasted 00:03:58 (2137 turns).

Sweeb the Twirler (Mummy Gladiator)                 Turns: 2137, Time: 00:03:58

Health: -3/34      AC:  4    Str: 17    XL:     4   Next: 79%
Magic:  7/7        EV: 12    Int:  9    God:
Gold:   64         SH:  0    Dex: 13    Spells: 7/7 levels left

rFire   x . .      SeeInvis .    a - +1 quarterstaff
rCold   + . .      Faith    .    (shield currently unavailable)
rNeg    + + +      Spirit   .    b - +0 leather armour
rPois   ∞          Reflect  .    c - +0 helmet
rElec   .          Harm     .    (no cloak)
rCorr   .          Rampage  .    (no gloves)
Will    .....                    (no boots)
Stlth   ++........               (no amulet)
HPRegen 0.11/turn                (no ring)
MPRegen 0.10/turn                (no ring)

@: no status effects
A: cold resistance 1, negative energy resistance 3, torment resistance 2, heat
vulnerability 1, in touch with death 1, no potions
a: no special abilities


You were on level 2 of the Dungeon.
You visited 1 branch of the dungeon, and saw 2 of its levels.

You collected 64 gold pieces.

Inventory:

Hand Weapons
 a - a +1 quarterstaff (weapon)
Missiles
 d - 3 throwing nets (quivered)
 e - a javelin
Armour
 b - a +0 leather armour (worn)
 c - a +0 helmet (worn)
Magical Staves
 h - a staff of death
Wands
 f - a wand of polymorph (2)


   Skills:
 + Level 2.8 Fighting
 * Level 3.4 Staves
 - Level 1.5 Throwing
 - Level 2.4 Dodging
 + Level 1.6 Stealth
 + Level 2.2 Spellcasting


You had 7 spell levels left.
You didn't know any spells.
Your spell library contained the following spells:

 Spells                   Type           Power      Damage    Failure   Level
 Confusing Touch          Hex            0%         N/A       77%         3
 Yara's Violent Unravell  Hex/Tmut       0%         3d3       100%        5
 Enfeeble                 Hex            0%         N/A       100%        7


Dungeon Overview and Level Annotations

Branches:
Dungeon (2/15)

Altars:

Annotations:
D:2 Sigmund


Innate Abilities, Weirdness & Mutations

You are immune to poison.
Your flesh is cold resistant. (rC+)
You are immune to negative energy. (rN+++)
You are immune to unholy pain and torment.
You are vulnerable to heat. (rF-)
You are in touch with the powers of death.
You do not drink.


Message History

You feel forgetful for a moment.
As you read the scroll labelled RUCKOT NUKHAQON, it crumbles to dust.
It is a scroll of enchant weapon.
Your +0 quarterstaff glows red for a moment.
You open the door. Sigmund barely misses you.
There is an open door here.
You hit Sigmund.
Sigmund is lightly wounded.
Sigmund points at you and mumbles some strange words.
The magic dart hits you.
You completely miss Sigmund.
Sigmund is lightly wounded.
Sigmund hits you but does no damage.
You barely miss Sigmund.
Sigmund is lightly wounded.
You hit Sigmund.
Sigmund is moderately wounded.
Sigmund closely misses you.
You hit Sigmund.
Sigmund is heavily wounded.
Sigmund drinks a potion.
Sigmund is healed!
You completely miss Sigmund.
Sigmund is moderately wounded.
Sigmund hits you with a +0 scythe.
You hit Sigmund.
Sigmund is heavily wounded.
Sigmund hits you with a +0 scythe!
You barely miss Sigmund.
Sigmund is heavily wounded.
Sigmund points at you and mumbles some strange words.
The puff of flame hits you! The fire burns you terribly!
* * * LOW HITPOINT WARNING * * *
You barely miss Sigmund.
Sigmund is moderately wounded.
Sigmund gestures wildly while chanting.
Sigmund flickers and vanishes!
Deactivating autopickup; reactivate with Ctrl-A.
You hit something. Something hits you!
You die...

# #.#
#....######.######## #
#.# #.##.# #.# # #.#
#.##.# #.# # #.###.##.#
#'## # #........# #...#
# #####.#### #..... #
##.## #......
##########...####.......
.............†..@{......
..########...####.......
#.## ##.## #...... ...#
#.# #..... #..# #.#
#...# #..# #.# #'## #..#
..# .# ...# ### . ..##


There were no monsters in sight!

Vanquished Creatures
  Natasha (twice) (D:2)
  An adder (D:2)
  3 dart slugs
  5 endoplasms
  2 giant cockroaches (D:1)
  5 goblins
  4 hobgoblins (D:1)
  5 jackals (D:1)
  2 quokkas (D:2)
  5 ball pythons
  6 bats
  7 frilled lizards
  3 kobolds
  3 rats
53 creatures vanquished.

Notes
Turn   | Place    | Note
-------+----------+-------------------------------------------
     0 | D:1      | Sweeb the Mummy Gladiator began the quest for the Orb.
     0 | D:1      | Reached XP level 1. HP: 16/16 MP: 1/1
   242 | D:1      | Reached XP level 2. HP: 18/22 MP: 1/3
   366 | D:1      | Reached skill level 1 in Spellcasting
   764 | D:1      | Gained mutation: You are in touch with the powers of death.
                  | [Mummy growth]
   764 | D:1      | Reached XP level 3. HP: 28/28 MP: 4/4
   825 | D:1      | Reached skill level 1 in Stealth
  1173 | D:1      | Found a faded altar of an unknown god.
  1357 | D:2      | Reached skill level 3 in Staves
  1818 | D:2      | Reached XP level 4. HP: 34/34 MP: 6/6
  1820 | D:2      | Noticed Natasha
  1830 | D:2      | Killed Natasha
  2060 | D:2      | Noticed Natasha
  2065 | D:2      | Killed Natasha
  2122 | D:2      | Noticed Sigmund
  2137 | D:2      | Slain by Sigmund

Illustrated notes

Levels and vault maps discovered:
D:1:      dpeg_arrival_orchard, layout_basic,
          hellmonk_ecumenical_altar_arch_garden
D:2:      layout_loops_corners, basic_altar, uniq_sigmund, uniq_natasha,
          uniq_terence

Skill      XL: |  1  2  3  4 |
---------------+-------------+-----
Spellcasting   | 1 2 |  2.2
Stealth        | 1 |  1.6
Staves         | 3 |  3.4
Fighting       | |  2.8
Throwing       | |  1.5
Dodging        | |  2.4

Action                   |  1- 3 |  4- 6 || total
-------------------------+-------+-------++-------
Melee: Quarterstaff      |   142 |    31 ||   173
  Use: Scroll            |     3 |     2 ||     5
 Stab: Sleeping          |     3 |       ||     3
Armor: Leather armour    |    41 |    10 ||    51
Dodge: Dodged            |    94 |    31 ||   125

Table legend: (Time is in decaauts)
 A = Elapsed time spent in this place.
 B = Non-inter-level travel time spent in this place.
 C = Inter-level travel time spent in this place.
 D = Time resting spent in this place.
 E = Time spent auto-exploring this place.
 F = Levels seen in this place.
 G = Mean time per level.
                   A        B        C        D        E       F      G
               +--------+--------+--------+--------+--------+-----+--------+
         Total |   2165 |   2156 |      9 |    352 |   1435 |   2 | 1082.5 |
       Dungeon |   2165 |   2156 |      9 |    352 |   1435 |   2 | 1082.5 |
               +--------+--------+--------+--------+--------+-----+--------+

Top non-repeatable levels by time:
     D:1: 1305 daAuts
     D:2: 859 daAuts
